 Dungeon Sprint DCSS version 0.17.0-28-g6e173f8 (webtiles) character file.

195593 Kidiri the Ninja (level 16, -2/90 HPs)
             Began as a Spriggan Enchanter on Nov 27, 2015.
             Was the Champion of Dithmenos.
             Slain by Mennas
             ... wielding a +2 scimitar of holy wrath
              (24 damage)
             ... in the Dungeon (Sprint III: "The Ten Rune Challenge") on Nov 28, 2015.
             The game lasted 01:27:42 (18157 turns).

Kidiri the Ninja (Spriggan Enchanter)              Turns: 18157, Time: 01:27:42

Health: -2/90      AC: 15    Str:  2    XL:     16   Next: 99%
Magic:  8/43       EV: 36    Int: 26    God:    Dithmenos [******]
Gold:   2058       SH:  9    Dex: 15    Spells: 15 memorised, 5 levels left

rFire  + . .     SeeInvis +     f - +8 dagger "Qaffe" {holy, rF+ MR++}
rCold  . . .     Clarity  .     u - +2 robe {Archmagi}
rNeg   . . .     SustAt   .     x - +2 buckler {AC+3}
rPois  +         Gourm    .     F - +2 hat of the Gloaming {rElec rF- rC+ Dex-5}
rElec  +         Spirit   .     y - +2 cloak
rCorr  .         Warding  .     (gloves unavailable)
rMut   +         NoTele   +     (boots unavailable)
MR     ++++.                    l - amulet of resist mutation
Stlth  ++++++++++               H - ring of flight
                                A - ring of Xiegajeh {Fire *Contam rElec rPois Int+6}

@: very slightly contaminated, very quick, incredibly resistant to hostile
enchantments, uncannily stealthy
A: unfitting armour, thin metallic scales 1, see invisible, herbivore 3, speed
3, slow metabolism 2, weak 1, no device heal 1
a: Shadow Step, Shadow Form, Renounce Religion, Evoke Flight
}: 3/10 runes: serpentine, silver, golden


You were in the Dungeon.
You worshipped Dithmenos.
Dithmenos was exalted by your worship.
You were not hungry.

You visited 1 branch You collected 4562 gold pieces.
You spent 2504 gold pieces at shops.

Inventory:

Hand Weapons
 f - the +8 dagger "Qaffe" (weapon) {holy, rF+ MR++}
   (You found it in the Dungeon)

   It has been blessed by the Shining One to cause great damage to the undead
   and demons.
   It protects you from fire.
   It affects your resistance to hostile enchantments.
 C - the +1 rapier of Extremism {elec, *Contam Str+3 SInv}
   (You found it in the Dungeon)

   Occasionally, upon striking a foe, it will discharge some electrical energy
   and cause terrible harm.
   It affects your strength (+3).
   It lets you see invisible.
   It causes magical contamination when unequipped.
Missiles
 t - 18 throwing nets (quivered)
Armour
 u - a +2 robe of the Archmagi (worn)
 x - a +2 buckler of protection (worn)
 y - a +2 cloak (worn)
 F - the +2 hat of the Gloaming (worn) {rElec rF- rC+ Dex-5}
   (You acquired it in the Dungeon)

   It affects your dexterity (-5).
   It makes you vulnerable to fire.
   It protects you from cold.
   It insulates you from electricity.
 L - a +2 robe of cold resistance
Jewellery
 a - the ring "Hixueg" {Int+5 Stlth+}
   (You found it in the Dungeon)

   [ring of intelligence]

   It affects your intelligence (+5).
   It makes you more stealthy.
 l - an amulet of resist mutation (around neck)
 A - the ring of Xiegajeh (left hand) {Fire *Contam rElec rPois Int+6}
   (You took it off a skeletal warrior in the Dungeon)

   [ring of fire]

   It enhances your fire magic, and weakens your ice magic.
   It affects your intelligence (+6).
   It protects you from fire.
   It makes you vulnerable to cold.
   It insulates you from electricity.
   It protects you from poison.
   It causes magical contamination when unequipped.
 D - the ring of Shadows {Umbra +Inv rN+ SInv}
   (You took it off a deep elf blademaster in the Dungeon)

   [ring of invisibility]

   It protects you from negative energy.
   It lets you see invisible.
   It lets you turn invisible.
 H - a ring of flight (right hand)
Wands
 b - a wand of digging (9)
 c - a wand of digging (17)
 k - a wand of polymorph (12)
 G - a wand of heal wounds (1)
 J - a wand of disintegration (16)
 P - a wand of hasting (4)
Scrolls
 j - a scroll of blinking
 n - a scroll of holy word
 p - 2 scrolls of remove curse
 r - 2 scrolls of torment
 s - 3 scrolls of recharging
 v - 3 scrolls of identify
 E - 3 scrolls of amnesia
 X - 2 scrolls of silence
Potions
 e - 6 potions of curing
 g - 7 potions of haste
 h - a potion of magic
 o - 4 potions of flight
 q - 4 potions of cure mutation
 w - a potion of lignification
Books
 K - a book of Burglary

   Spells                             Type                      Level
   a - Swiftness                      Charms/Air                   2
   b - Passwall                       Transmutation/Earth          3
   c - Passage of Golubria            Translocation                4
   d - Lee's Rapid Deconstruction     Earth                        5
   e - Darkness                       Hexes                        6
   f - Invisibility                   Hexes                        6
Comestibles
 m - 24 royal jellies


   Skills:
 + Level 12.5 Fighting
 * Level 21.4 Short Blades
 + Level 11.6 Armour
 * Level 26.1 Dodging
 O Level 27 Stealth
 * Level 5.0 Shields
 * Level 22.7 Spellcasting
 + Level 11.5 Conjurations
 + Level 17.2 Hexes
 + Level 14.1 Charms
 + Level 19.2 Translocations
 + Level 7.4 Transmutations
 + Level 12.2 Ice Magic
 + Level 5.4 Earth Magic
 - Level 2.4 Invocations


You had 5 spell levels left.
You knew the following spells:

 Your Spells              Type           Power        Failure   Level  Hunger
a - Corona                Hex            #######      0%          1    None
b - Ensorcelled Hibernat  Hex/Ice        ######       0%          2    None
c - Confuse               Hex            ########     0%          3    None
d - Tukima's Dance        Hex            ########     0%          3    None
e - Dazzling Spray        Conj/Hex       ########     0%          3    None
f - Slow                  Hex            ########     0%          2    None
g - Gell's Gravitas       Hex/Tloc       ########..   0%          3    None
h - Cause Fear            Hex            ########..   0%          4    None
i - Phase Shift           Tloc           ########..   0%          5    None
j - Discord               Hex            ########..   12%         8    #####..
k - Ozocubu's Armour      Chrm/Ice       #######.     1%          3    None
l - Iron Shot             Conj/Erth      #######...   10%         6    None
m - Passwall              Trmt/Erth      #######...   1%          3    None
n - Passage of Golubria   Tloc           N/A          0%          4    None
o - Lee's Rapid Deconstr  Erth           ######....   4%          5    None


Dungeon Overview and Level Annotations

Branches:
Dungeon (1/1)

Altars:
Cheibriados
Dithmenos
Elyvilon
Fedhas
Gozag
Kikubaaqudgha
Makhleb
Nemelex Xobeh
Okawaru
Qazlal
Ru
Sif Muna
Trog
Vehumet
Xom
Yredelemnul
Zin
The Shining One
Jiyva
Lugonu

Shops:
D =?(}[!%%%![[:%(*[!?*?}=!

Annotations:
D exclusion: 4 statues, Mennas


Innate Abilities, Weirdness & Mutations

You are tiny and cannot use many weapons and most armour.
You have supernaturally acute eyesight.
You are a herbivore.
You cover ground extremely quickly.
You need consume almost no food.
You are partially covered in thin metallic scales (AC +2).
You are weak. (Str -2)
Potions and wands are less effective at restoring your health.


Message History

Press: ? - help, Dir - move target cursor You feel a surge of power!
That beam is likely to hit you.
Continue anyway?
You miscast Lee's Rapid Deconstruction.
You are very lightly contaminated with residual magic.
You feel gritty.
Mennas is caught in a moment of prayer.
Mennas hits you with a scimitar of holy wrath!!
* * * LOW HITPOINT WARNING * * *
You emit a cloud of dark smoke.
Mennas misses you.
There is an open door here.
Drink which item? (? for menu, Esc to quit)
You feel better. Mennas closely misses you. You block Mennas's attack.
Unknown command.
Evoke which item? (* to show all) (? for menu, Esc to quit)
Zapping:
G - a wand of heal wounds (2)
Press: ? - help, Shift-Dir - straight line, f - you You feel much better.
This wand has 1 charge left.
Mennas hits you with a scimitar of holy wrath!!
You die...

.#..[([[.)# #.#:..##≈≈≈≈##..##.##
.#[[.###.∩# #.+.."##.[..'......##
'#[[.##.#.# #####################
.#'###########.############### #
.#....#.#.#)....#......+...≈≈# #
)##.#..#.##.###§#......#...≈≈####
)'##.#.#.##.#§§##......#...≈≈≈≈##
.#)A.#..#..##§§A.......#...≈≈≈≈##
▓▓▓▓▓▓▓▓▓▓▓▓▓▓▓#@......#.......##
≈........≈≈≈...#.......#.......##
≈≈≈≈≈≈≈≈≈≈≈♣♣P.+.......#.......##
♣♣♣♣♣♣♣♣♣♣♣♣♣PP#!......##########
♣♣♣##'###############
♣♣♣♣♣♣♣♣♣♣♣♣♣ #...'.≈§§≈##≈.≈§§#
).##≈≈≈≈≈≈..# #...#.≈§§§#..≈#§§#
##.#≈≈≈≈≈...# #).(#.#§§§##≈##§§#
#.##+≈≈≈≈§####+#####.#§§§≈###§§§#


You could see Mennas.

Vanquished Creatures
  Mara (D)
  2 greater mummies (D)
  Boris (D)
  Frederick (D)
  2 golden dragons (D)
  3 bone dragons (D)
  Rupert (D)
  A lich (D)
  A titan (D)
  A quicksilver dragon (D)
  A deep elf blademaster (D)
  2 sphinxes (D)
  An ancient champion (D)
  Gastronok (D)
  Harold (D)
  Chuck (D)
  4 azure jellies (D)
  4 shadow dragons (D)
  A greater naga (D)
  Roxanne (D)
  A fire giant (D)
  Maud (D)
  A stone giant (D)
  A deep elf demonologist (D)
  2 dire elephants (D)
  Azrael (D)
  5 vampire knights (D)
  3 deep elf annihilators (D)
  A deep elf death mage (D)
  9 mummy priests (D)
  A yaktaur captain (D)
  2 hydras (D)
  A fire dragon (D)
  A deep elf high priest (D)
  3 vault guards (D)
  A ghost crab (shapeshifter) (D)
  A naga warrior (D)
  2 centaur warriors (D)
  3 anacondas (D)
  Erolcha (D)
  4 dancing weapons (D)
  An ogre mage (D)
  4 death yaks (D)
  A titan zombie (D)
  A shadow wraith (D)
  4 skeletal warriors (D)
  A spriggan druid (D)
  3 sea snakes (shapeshifter) (D)
  A death drake (D)
  An anaconda zombie (D)
  A deep elf summoner (D)
  2 obsidian statues (D)
  Joseph (D)
  5 swamp dragons (D)
  A lindwurm (D)
  2 oklob plants (D)
  4 crystal guardians (D)
  2 elephants (D)
  6 ugly things (D)
  2 stone giant skeletons (D)
  An elephant (shapeshifter) (D)
  A molten gargoyle (D)
  An iron troll simulacrum (D)
  4 statues (D)
  A torpor snail (shapeshifter) (D)
  A guardian serpent (D)
  5 black mambas (D)
  2 spiny frogs (D)
  4 yaktaurs (D)
  A komodo dragon (D)
  A fire drake (D)
  A queen bee (D)
  14 guardian mummies (D)
  4 spriggan defenders (D)
  3 wandering mushrooms (D)
  5 deep elf priests (D)
  2 orc high priests (D)
  5 slime creatures (D)
  2 trapdoor spiders (D)
  4 redbacks (D)
  8 blink frogs (D)
  2 spriggans (D)
  A shadow (D)
  2 hill giants (D)
  A spatial vortex (D)
  3 hydra simulacra (D)
  5 water moccasins (D)
  2 nagas (D)
  A necrophage (D)
  3 swamp drakes (D)
  3 wasps (D)
  3 orc warriors (D)
  2 brain worms (D)
  A two-headed ogre (D)
  A water elemental (D)
  32 killer bees (D)
  An electric eel (D)
  An orc wizard (D)
  Crazy Yiuf (D)
  A jelly (D)
  6 orc priests (D)
  A wizard (D)
  A kobold demonologist (D)
  4 necromancers (D)
  3 humans (D)
  An adder (D)
  A giant eyeball (D)
  10 orcs (D)
  A bat zombie (D)
  A bat simulacrum (D)
  4 rats (D)
  7 bushes (D)
  16 plants (D)
311 creatures vanquished.

Vanquished Creatures (collateral kills)
  2 vampire knights (D)
  6 vault guards (D)
  2 skeletal warriors (D)
  A slime creature (D)
  2 two-headed ogres (D)
  3 butterflies (D)
16 creatures vanquished.

Vanquished Creatures (others)
  2 draconian scorchers (D)
  Nessos (D)
  7 vault guards (D)
  A queen ant (shapeshifter) (D)
  2 dancing weapons (D)
  3 yaktaurs (D)
  A bush (D)
  3 butterflies (D)
  10 plants (D)
30 creatures vanquished.

Grand Total: 357 creatures vanquished

Notes
Turn   | Place    | Note
--------------------------------------------------------------
     0 | D        | Kidiri the Spriggan Enchanter began the quest for the Orb.
     0 | D        | Reached XP level 1. HP: 9/9 MP: 5/5
    45 | D        | Killed a yaktaur
    78 | D        | Noticed Crazy Yiuf
    95 | D        | Killed Crazy Yiuf
    95 | D        | Reached skill level 1 in Fighting
    95 | D        | Reached skill level 5 in Stealth
    95 | D        | Reached XP level 2. HP: 5/14 MP: 4/8
    95 | D        | Reached XP level 3. HP: 6/18 MP: 4/9
    99 | D        | Learned a level 2 spell: Ensorcelled Hibernation
   103 | D        | Learned a level 3 spell: Confuse
   107 | D        | Learned a level 3 spell: Dazzling Spray
   211 | D        | Killed a white draconian scorcher
   250 | D        | Killed a white draconian scorcher
   307 | D        | Reached skill level 1 in Armour
   307 | D        | Reached skill level 5 in Dodging
   307 | D        | Reached skill level 6 in Stealth
   350 | D        | Gained mutation: Your flesh is cold resistant. [potion of mutation]
   350 | D        | Lost mutation: Your flesh is cold resistant. [potion of mutation]
   350 | D        | Gained mutation: You are partially covered in rough black scales (AC +4, Dex -1). [potion of mutation]
   351 | D        | Gained mutation: You are resistant to hostile enchantments. [potion of mutation]
   351 | D        | Gained mutation: You are weak. (Str -2) [potion of mutation]
   352 | D        | Gained mutation: You occasionally shout uncontrollably at your foes. [potion of mutation]
   352 | D        | Gained mutation: You are partially covered in thin metallic scales (AC +2). [potion of mutation]
   352 | D        | Gained mutation: You have large cloven feet. [potion of mutation]
   360 | D        | Noticed a water elemental
   370 | D        | Killed a water elemental
   370 | D        | Reached skill level 7 in Stealth
   370 | D        | Reached skill level 5 in Spellcasting
   370 | D        | Reached skill level 1 in Conjurations
   370 | D        | Reached skill level 1 in Ice Magic
   370 | D        | Reached XP level 4. HP: 23/23 MP: 3/12
   375 | D        | Learned a level 3 spell: Tukima's Dance
   444 | D        | Noticed a jelly
   445 | D        | Noticed a shadow
   447 | D        | Killed a shadow
   447 | D        | Reached skill level 5 in Short Blades
   447 | D        | Reached skill level 8 in Stealth
   447 | D        | Reached skill level 5 in Hexes
   447 | D        | Reached XP level 5. HP: 27/27 MP: 12/14
   452 | D        | Killed a jelly
   493 | D        | Found a stormy altar of Qazlal.
   494 | D        | Found a sacrificial altar of Ru.
   494 | D        | Found a burning altar of Makhleb.
   494 | D        | Found a viscous altar of Jiyva.
   494 | D        | Found a shimmering altar of Xom.
   494 | D        | Found a shadowy altar of Dithmenos.
   494 | D        | Found a sparkling altar of Nemelex Xobeh.
   494 | D        | Found a corrupted altar of Lugonu.
   494 | D        | Found an opulent altar of Gozag.
   494 | D        | Noticed a spatial vortex
   498 | D        | Became a worshipper of Dithmenos the Shadowed
   504 | D        | Killed a spatial vortex
   504 | D        | Reached skill level 9 in Stealth
   504 | D        | Reached skill level 1 in Invocations
   504 | D        | Reached XP level 6. HP: 30/32 MP: 2/17
   623 | D        | Found a radiant altar of Vehumet.
   624 | D        | Found a deep blue altar of Sif Muna.
   624 | D        | Found an ancient bone altar of Kikubaaqudgha.
   624 | D        | Noticed a wizard
   626 | D        | Killed a wizard
   647 | D        | Learned a level 2 spell: Slow
   651 | D        | Learned a level 3 spell: Gell's Gravitas
   731 | D        | Found a glowing silver altar of Zin.
   732 | D        | Found a glowing golden altar of the Shining One.
   732 | D        | Found a white marble altar of Elyvilon.
   732 | D        | Noticed a deep elf priest
   734 | D        | Killed a deep elf priest
   734 | D        | Reached * piety under Dithmenos
   734 | D        | Reached skill level 10 in Stealth
   734 | D        | Reached XP level 7. HP: 36/36 MP: 19/19
   742 | D        | Learned a level 4 spell: Cause Fear
   771 | D        | Found an iron altar of Okawaru.
   772 | D        | Found a bloodstained altar of Trog.
   772 | D        | Noticed a human
   772 | D        | Noticed a human
   775 | D        | Killed a human
   777 | D        | Killed a human
   777 | D        | Reached skill level 10 in Dodging
   777 | D        | Reached skill level 11 in Stealth
   805 | D        | Found a snail-covered altar of Cheibriados.
   805 | D        | Noticed a necrophage
   806 | D        | Found a basalt altar of Yredelemnul.
   806 | D        | Found a blossoming altar of Fedhas.
   806 | D        | Noticed a necromancer
   807 | D        | Killed a necrophage
   807 | D        | Reached ** piety under Dithmenos
   810 | D        | Killed a necromancer
   810 | D        | Reached XP level 8. HP: 42/42 MP: 17/21
   838 | D        | Noticed a two-headed ogre
   838 | D        | Noticed a two-headed ogre
   842 | D        | Noticed a two-headed ogre
   851 | D        | Killed a two-headed ogre
   863 | D        | Killed a two-headed ogre
   867 | D        | Killed a two-headed ogre
   888 | D        | Noticed a hill giant
   891 | D        | Killed a hill giant
   891 | D        | Reached *** piety under Dithmenos
   995 | D        | Noticed a hill giant
   995 | D        | Noticed Erolcha
   997 | D        | Killed Erolcha
   997 | D        | Reached skill level 12 in Stealth
   997 | D        | Reached skill level 5 in Translocations
   999 | D        | Killed a hill giant
   999 | D        | Reached XP level 9. HP: 46/46 MP: 23/23
  1004 | D        | Noticed a redback
  1015 | D        | Killed a redback
  1015 | D        | Reached skill level 10 in Spellcasting
  1047 | D        | Noticed a trapdoor spider
  1048 | D        | Killed a trapdoor spider
  1048 | D        | Reached **** piety under Dithmenos
  1048 | D        | Reached skill level 13 in Stealth
  1068 | D        | Noticed a trapdoor spider
  1072 | D        | Killed a trapdoor spider
  1111 | D        | Noticed a killer bee
  1111 | D        | Noticed a killer bee
  1111 | D        | Noticed a killer bee
  1111 | D        | Noticed a killer bee
  1111 | D        | Noticed a killer bee
  1111 | D        | Noticed a queen bee
  1111 | D        | Noticed a killer bee
  1111 | D        | Noticed a killer bee
  1111 | D        | Noticed a killer bee
  1111 | D        | Noticed a killer bee
  1111 | D        | Noticed a killer bee
  1111 | D        | Noticed a killer bee
  1111 | D        | Noticed a killer bee
  1111 | D        | Noticed a killer bee
  1111 | D        | Noticed a killer bee
  1112 | D        | Noticed a killer bee
  1112 | D        | Noticed a killer bee
  1112 | D        | Killed a killer bee
  1112 | D        | Noticed a killer bee
  1113 | D        | Noticed a killer bee
  1113 | D        | Noticed a killer bee
  1113 | D        | Noticed a killer bee
  1113 | D        | Noticed a killer bee
  1113 | D        | Noticed a killer bee
  1113 | D        | Killed a killer bee
  1113 | D        | Killed a killer bee
  1114 | D        | Noticed a killer bee
  1114 | D        | Noticed a killer bee
  1114 | D        | Noticed a killer bee
  1114 | D        | Killed a killer bee
  1114 | D        | Killed a killer bee
  1114 | D        | Killed a killer bee
  1114 | D        | Reached ***** piety under Dithmenos
  1114 | D        | Killed a killer bee
  1114 | D        | Killed a killer bee
  1115 | D        | Killed a killer bee
  1115 | D        | Killed a killer bee
  1115 | D        | Noticed a killer bee
  1116 | D        | Killed a killer bee
  1116 | D        | Killed a killer bee
  1116 | D        | Reached skill level 5 in Fighting
  1116 | D        | Killed a killer bee
  1116 | D        | Killed a killer bee
  1116 | D        | Killed a killer bee
  1116 | D        | Noticed a killer bee
  1117 | D        | Noticed a killer bee
  1117 | D        | Noticed a killer bee
  1117 | D        | Noticed a killer bee
  1117 | D        | Killed a killer bee
  1117 | D        | Killed a killer bee
  1117 | D        | Killed a killer bee
  1117 | D        | Killed a killer bee
  1117 | D        | Reached ****** piety under Dithmenos
  1117 | D        | Killed a killer bee
  1118 | D        | Noticed a killer bee
  1118 | D        | Noticed a killer bee
  1118 | D        | Killed a killer bee
  1118 | D        | Killed a queen bee
  1118 | D        | Killed a killer bee
  1118 | D        | Reached skill level 10 in Short Blades
  1119 | D        | Killed a killer bee
  1119 | D        | Killed a killer bee
  1132 | D        | Killed a killer bee
  1138 | D        | Killed a killer bee
  1140 | D        | Killed a killer bee
  1140 | D        | Reached skill level 14 in Stealth
  1140 | D        | Reached XP level 10. HP: 28/51 MP: 1/26
  1296 | D        | Killed a killer bee
  1307 | D        | Killed a killer bee
  1308 | D        | Killed a killer bee
  1314 | D        | Killed a killer bee
  1326 | D        | Killed a killer bee
  1455 | D        | Noticed a wandering mushroom
  1456 | D        | Noticed a wandering mushroom
  1456 | D        | Noticed a wandering mushroom
  1457 | D        | Killed a wandering mushroom
  1463 | D        | Killed a wandering mushroom
  1522 | D        | Killed a wandering mushroom
  1522 | D        | Reached skill level 5 in Ice Magic
  1607 | D        | Noticed a spiny frog
  1607 | D        | Noticed a komodo dragon
  1607 | D        | Noticed a spiny frog
  1609 | D        | Killed a spiny frog
  1609 | D        | Reached skill level 5 in Armour
  1615 | D        | Killed a spiny frog
  1619 | D        | Killed a komodo dragon
  1673 | D        | Noticed a redback
  1675 | D        | Killed a redback
  1676 | D        | Noticed a brain worm
  1680 | D        | Killed a brain worm
  1684 | D        | Noticed a brain worm
  1686 | D        | Killed a brain worm
  1689 | D        | Noticed a lindwurm
  1691 | D        | Noticed a redback
  1692 | D        | Killed a lindwurm
  1692 | D        | Reached skill level 15 in Stealth
  1694 | D        | Killed a redback
  1698 | D        | Noticed a redback
  1703 | D        | Killed a redback
  1705 | D        | Noticed Maud
  1714 | D        | Killed Maud
  1714 | D        | Reached skill level 5 in Conjurations
  1714 | D        | Reached XP level 11. HP: 54/56 MP: 10/28
  1807 | D        | Noticed an electric eel
  1808 | D        | Noticed a four-headed hydra
  1808 | D        | Noticed a seven-headed hydra
  1812 | D        | Killed an electric eel
  1826 | D        | Killed a seven-headed hydra
  1859 | D        | Killed a four-headed hydra
  1859 | D        | Reached skill level 16 in Stealth
  1995 | D        | Noticed a death drake
  1997 | D        | Killed a death drake
  2019 | D        | Found a blossoming altar of Fedhas.
  2019 | D        | Noticed a spriggan
  2019 | D        | Noticed a spriggan druid
  2019 | D        | Noticed a spriggan
  2021 | D        | Killed a spriggan
  2021 | D        | Reached skill level 15 in Dodging
  2027 | D        | Killed a spriggan druid
  2027 | D        | Paralysed by a spriggan for 3 turns
  2030 | D        | Killed a spriggan
  2030 | D        | Reached skill level 10 in Hexes
  2030 | D        | Reached skill level 10 in Translocations
  2060 | D        | Noticed a swamp drake
  2074 | D        | Killed a swamp drake
  2197 | D        | Noticed a water moccasin
  2197 | D        | Noticed an anaconda
  2197 | D        | Noticed a black mamba
  2197 | D        | Noticed an anaconda
  2198 | D        | Noticed a black mamba
  2199 | D        | Killed an anaconda
  2202 | D        | Killed an anaconda
  2203 | D        | Noticed a water moccasin
  2204 | D        | Killed a black mamba
  2209 | D        | Killed a water moccasin
  2210 | D        | Killed a black mamba
  2210 | D        | Reached skill level 17 in Stealth
  2212 | D        | Killed a water moccasin
  2246 | D        | Noticed a water moccasin
  2246 | D        | Noticed an anaconda
  2246 | D        | Noticed a water moccasin
  2262 | D        | Killed an anaconda
  2265 | D        | Killed a water moccasin
  2267 | D        | Killed a water moccasin
  2330 | D        | Noticed a water moccasin
  2330 | D        | Noticed a black mamba
  2333 | D        | Killed a black mamba
  2338 | D        | Killed a water moccasin
  2373 | D        | Noticed a swamp dragon
  2376 | D        | Killed a swamp dragon
  2377 | D        | Noticed a naga
  2377 | D        | Noticed a naga
  2379 | D        | Noticed a naga warrior
  2379 | D        | Noticed a greater naga
  2379 | D        | Found Liad's Gadget Shop.
  2379 | D        | Found Qodihoe's Antique Armour Shoppe.
  2380 | D        | Killed a naga
  2618 | D        | Killed a naga warrior
  2618 | D        | Reached XP level 12. HP: 63/63 MP: 20/31
  2649 | D        | Killed a greater naga
  2770 | D        | Found Siepnute's Distillery.
  2772 | D        | Killed a naga
  2828 | D        | Noticed a guardian serpent
  2830 | D        | Killed a guardian serpent
  2834 | D        | Got a serpentine rune of Zot
  2915 | D        | Noticed a swamp drake
  2915 | D        | Noticed a fire drake
  2924 | D        | Killed a swamp drake
  2936 | D        | Killed a fire drake
  2936 | D        | Reached skill level 18 in Stealth
  2960 | D        | Noticed a blink frog
  2961 | D        | Noticed a blink frog
  2961 | D        | Noticed a blink frog
  2961 | D        | Noticed a blink frog
  2961 | D        | Noticed a blink frog
  2963 | D        | Killed a blink frog
  2965 | D        | Killed a blink frog
  2968 | D        | Killed a blink frog
  2969 | D        | Killed a blink frog
  2974 | D        | Killed a blink frog
  3001 | D        | Noticed Rupert
  3006 | D        | Killed Rupert
  3027 | D        | Noticed a death yak
  3028 | D        | Noticed a death yak
  3028 | D        | Noticed a blink frog
  3030 | D        | Noticed a death yak
  3031 | D        | Noticed a blink frog
  3031 | D        | Noticed a death yak
  3039 | D        | Killed a death yak
  3249 | D        | Noticed a blink frog
  3251 | D        | Killed a blink frog
  3253 | D        | Killed a blink frog
  3259 | D        | Killed a blink frog
  3278 | D        | Noticed a black mamba
  3282 | D        | Noticed a black mamba
  3283 | D        | Killed a black mamba
  3318 | D        | Killed a black mamba
  3318 | D        | Reached skill level 15 in Spellcasting
  3537 | D        | Killed a death yak
  3562 | D        | Killed a death yak
  3562 | D        | Reached skill level 19 in Stealth
  3568 | D        | Killed a death yak
  3706 | D        | Noticed an azure jelly
  3706 | D        | Noticed an azure jelly
  3767 | D        | Noticed a swamp dragon
  3768 | D        | Noticed a swamp drake
  3768 | D        | Noticed a swamp dragon
  3769 | D        | Killed a swamp dragon
  3770 | D        | Noticed a swamp dragon
  3770 | D        | Noticed a swamp dragon
  3770 | D        | Found Joaxieck's Jewellery Shoppe.
  3770 | D        | Found Emegeggo's Magic Scroll Boutique.
  3770 | D        | Found Carayda's Antique Weapon Emporium.
  3771 | D        | Killed a swamp dragon
  3772 | D        | Killed a swamp dragon
  3778 | D        | Killed a swamp drake
  3780 | D        | Killed a swamp dragon
  3951 | D        | Noticed an azure jelly
  3951 | D        | Noticed an azure jelly
  3952 | D        | Noticed an elephant
  3952 | D        | Noticed an elephant
  3952 | D        | Noticed a dire elephant
  3952 | D        | Noticed a dire elephant
  3952 | D        | Noticed Gastronok
  3954 | D        | Killed Gastronok
  3954 | D        | Reached XP level 13. HP: 68/68 MP: 33/33
  3955 | D        | Killed a dire elephant
  3957 | D        | Killed a dire elephant
  3960 | D        | Killed an elephant
  3962 | D        | Killed an elephant
  4234 | D        | Noticed an orc priest
  4234 | D        | Noticed an orc priest
  4234 | D        | Noticed an orc warrior
  4234 | D        | Noticed an orc wizard
  4234 | D        | Noticed an orc priest
  4234 | D        | Noticed an orc priest
  4235 | D        | Noticed an orc warrior
  4235 | D        | Killed an orc priest
  4236 | D        | Killed an orc priest
  4236 | D        | Killed an orc warrior
  4236 | D        | Killed an orc priest
  4239 | D        | Killed an orc warrior
  4241 | D        | Killed an orc priest
  4242 | D        | Killed an orc wizard
  4249 | D        | Noticed an orc warrior
  4251 | D        | Killed an orc warrior
  4264 | D        | Found Puczist's Food Shop.
  4501 | D        | Bought a glowing cloak for 121 gold pieces
  4512 | D        | Bought 2 potions of haste for 200 gold pieces
  4512 | D        | Bought a potion of magic for 80 gold pieces
  4628 | D        | Killed a yaktaur
  4641 | D        | Bought a scroll of identify for 28 gold pieces
  4641 | D        | Bought a scroll of remove curse for 42 gold pieces
  4641 | D        | Bought a scroll of enchant armour for 105 gold pieces
  4641 | D        | Bought a scroll of recharging for 133 gold pieces
  4647 | D        | Bought an uncursed ring of magical power for 280 gold pieces
  4647 | D        | Bought an uncursed ring of wizardry for 420 gold pieces
  4828 | D        | Bought a scroll of blinking for 105 gold pieces
  4905 | D        | Killed an azure jelly
  4905 | D        | Reached skill level 15 in Short Blades
  4905 | D        | Reached skill level 20 in Stealth
  4942 | D        | Killed an azure jelly
  4947 | D        | Killed an azure jelly
  5090 | D        | Killed an azure jelly
  5320 | D        | Noticed a deep elf priest
  5320 | D        | Noticed a deep elf priest
  5320 | D        | Noticed a deep elf priest
  5320 | D        | Noticed a deep elf summoner
  5320 | D        | Noticed a deep elf priest
  5326 | D        | Noticed a deep elf annihilator
  5332 | D        | Killed a deep elf priest
  5334 | D        | Killed a deep elf summoner
  5335 | D        | Killed a deep elf priest
  5335 | D        | Killed a deep elf priest
  5339 | D        | Killed a deep elf priest
  5530 | D        | Noticed a deep elf annihilator
  5609 | D        | Noticed a deep elf death mage
  5612 | D        | Noticed a deep elf high priest
  5618 | D        | Killed a deep elf death mage
  5622 | D        | Killed a ghostly deep elf death mage
  5769 | D        | Noticed a deep elf demonologist
  5773 | D        | Noticed a deep elf blademaster
  5776 | D        | Killed a deep elf high priest
  5844 | D        | Killed a deep elf annihilator
  6102 | D        | Noticed a deep elf annihilator
  6288 | D        | Killed a deep elf annihilator
  6288 | D        | Reached skill level 21 in Stealth
  6614 | D        | Noticed a Shadow Fiend
  6751 | D        | Killed a yaktaur
  6898 | D        | Noticed an Executioner
  6900 | D        | Noticed a lorocyproca
  6901 | D        | Killed a deep elf annihilator
  7045 | D        | Killed a deep elf blademaster
  7262 | D        | Killed a deep elf demonologist
  7362 | D        | Noticed Harold
  7362 | D        | Noticed Joseph
  7364 | D        | Killed Harold
  7364 | D        | Reached XP level 14. HP: 75/75 MP: 36/36
  7365 | D        | Killed Joseph
  7386 | D        | Noticed an orc priest
  7386 | D        | Noticed an orc priest
  7387 | D        | Noticed an orc high priest
  7387 | D        | Noticed an orc high priest
  7388 | D        | Killed an orc priest
  7389 | D        | Killed an orc priest
  7394 | D        | Killed an orc high priest
  7398 | D        | Killed an orc high priest
  7463 | D        | Noticed an obsidian statue
  7474 | D        | Killed an obsidian statue
  7572 | D        | Found Ozomut's Distillery.
  7572 | D        | Found Anasih's Assorted Antiques.
  7572 | D        | Found Vinoamei's Distillery.
  7572 | D        | Found Muphez's Antique Armour Boutique.
  7572 | D        | Found Joaff's Magic Scroll Emporium.
  7572 | D        | Found Edghag's Jewellery Shop.
  7572 | D        | Found Ustrogg's Gadget Emporium.
  7572 | D        | Found Copei's Magic Scroll Boutique.
  7573 | D        | Found Sasuam's Assorted Antiques.
  7573 | D        | Found Junon's Antique Weapon Shoppe.
  7573 | D        | Found Senetough's Food Shop.
  7573 | D        | Found Sibijov's Book Emporium.
  7591 | D        | Bought a potion of haste for 100 gold pieces
  7591 | D        | Bought a potion of curing for 30 gold pieces
  7591 | D        | Bought a potion of magic for 80 gold pieces
  7591 | D        | Bought a potion of magic for 80 gold pieces
  7591 | D        | Bought a potion of heal wounds for 50 gold pieces
  7591 | D        | Bought a potion of curing for 30 gold pieces
  7593 | D        | Bought a scroll of identify for 26 gold pieces
  7593 | D        | Bought a scroll of identify for 26 gold pieces
  7593 | D        | Bought a scroll of identify for 26 gold pieces
  7601 | D        | Bought a scroll of enchant armour for 75 gold pieces
  7601 | D        | Bought a scroll of blinking for 75 gold pieces
  7601 | D        | Bought a scroll of enchant weapon for 75 gold pieces
  7601 | D        | Bought a scroll of enchant weapon for 75 gold pieces
  7747 | D        | Identified the Papyrus of Enchantment and Confrontation
  7751 | D        | Identified the Grimoire of Enhancements
  7751 | D        | Identified the Almanac of Beguiling and Shape Shifting
  7764 | D        | Got a slimy ruby amulet
  7772 | D        | Identified the amulet of Greater Demons {Spirit rN+} (You took it off a deep elf demonologist in the Dungeon)
  7933 | D        | Learned a level 5 spell: Phase Shift
  7945 | D        | Learned a level 8 spell: Discord
  7950 | D        | Learned a level 3 spell: Ozocubu's Armour
  8039 | D        | Noticed a spriggan defender
  8040 | D        | Noticed a spriggan defender
  8041 | D        | Noticed a spriggan defender
  8041 | D        | Noticed a spriggan defender
  8046 | D        | Killed a spriggan defender
  8051 | D        | Killed a spriggan defender
  8051 | D        | Reached skill level 1 in Charms
  8054 | D        | Killed a spriggan defender
  8060 | D        | Killed a spriggan defender
  8195 | D        | Noticed a fire dragon
  8199 | D        | Killed a fire dragon
  8205 | D        | Noticed a centaur warrior
  8205 | D        | Noticed a cyan ugly thing
  8207 | D        | Killed a cyan ugly thing
  8210 | D        | Killed a centaur warrior
  8232 | D        | Noticed a torpor snail
  8234 | D        | Killed a torpor snail
  8250 | D        | Noticed a scimitar of electrocution
  8250 | D        | Noticed a short sword of protection
  8250 | D        | Noticed a halberd of venom
  8251 | D        | Noticed a mace of holy wrath
  8260 | D        | Killed a mace of holy wrath
  8269 | D        | Killed a halberd of venom
  8275 | D        | Killed a short sword of protection
  8275 | D        | Reached skill level 22 in Stealth
  8476 | D        | Killed a scimitar of electrocution
  8607 | D        | Noticed a yaktaur captain
  8608 | D        | Noticed a purple ugly thing
  8608 | D        | Noticed a green ugly thing
  8608 | D        | Noticed a death drake
  8608 | D        | a death drake changed into a cyclops
  8615 | D        | Killed a purple ugly thing
  8625 | D        | Killed a green ugly thing
  8679 | D        | Killed a yaktaur captain
  9102 | D        | Noticed Chuck
  9121 | D        | Killed Chuck
  9147 | D        | Noticed a ghost crab
  9156 | D        | Killed a ghost crab
  9343 | D        | Noticed a cyan ugly thing
  9345 | D        | Noticed Frederick
  9353 | D        | Killed a cyan ugly thing
  9396 | D        | Killed Frederick
  9396 | D        | Reached skill level 5 in Charms
  9396 | D        | Reached skill level 15 in Translocations
  9542 | D        | Noticed a lich
  9545 | D        | Killed a lich
  9550 | D        | Noticed a sea snake
  9551 | D        | Noticed a white ugly thing
  9553 | D        | Noticed a brown ugly thing
  9553 | D        | Noticed an ogre mage
  9553 | D        | Noticed a shadow dragon
  9558 | D        | Noticed a water nymph
  9558 | D        | Killed a sea snake
  9558 | D        | Reached skill level 10 in Fighting
  9561 | D        | Killed a brown ugly thing
  9563 | D        | Noticed a slime creature
  9570 | D        | Killed a brown ugly thing
  9577 | D        | Killed a shadow dragon
  9577 | D        | Reached skill level 23 in Stealth
  9579 | D        | Killed a slime creature
  9581 | D        | Noticed a shadow dragon
  9586 | D        | Killed an ogre mage
  9979 | D        | Killed a shadow dragon
 10134 | D        | Noticed an obsidian statue
 10145 | D        | Noticed a deep troll
 10147 | D        | a deep troll changed into a sea snake
 10148 | D        | Killed an obsidian statue
 10333 | D        | Noticed a guardian mummy
 10335 | D        | Killed a guardian mummy
 10375 | D        | Noticed a skeletal warrior
 10377 | D        | Killed a skeletal warrior
 10377 | D        | Reached skill level 10 in Ice Magic
 10400 | D        | Noticed a necromancer
 10402 | D        | Killed a necromancer
 10415 | D        | Noticed a guardian mummy
 10417 | D        | Killed a guardian mummy
 10425 | D        | Noticed a vampire knight
 10432 | D        | Killed a vampire knight
 10593 | D        | Noticed a bone dragon
 10595 | D        | Killed a bone dragon
 10595 | D        | Reached XP level 15. HP: 81/81 MP: 37/39
 10601 | D        | Noticed a necromancer
 10603 | D        | Killed a necromancer
 10620 | D        | Noticed a bone dragon
 10622 | D        | Killed a bone dragon
 10628 | D        | Noticed a vampire knight
 10636 | D        | Killed a vampire knight
 10714 | D        | Noticed a vampire knight
 10724 | D        | Killed a vampire knight
 10823 | D        | Noticed a bone dragon
 10892 | D        | Killed a bone dragon
 10892 | D        | Reached skill level 24 in Stealth
 10987 | D        | Noticed a skeletal warrior
 10989 | D        | Killed a skeletal warrior
 10996 | D        | Noticed a necromancer
 10998 | D        | Killed a necromancer
 11008 | D        | Noticed a vampire knight
 11014 | D        | Killed a vampire knight
 11067 | D        | Noticed a vampire knight
 11070 | D        | Killed a vampire knight
 11093 | D        | Noticed a guardian mummy
 11096 | D        | Killed a guardian mummy
 11181 | D        | Noticed a sphinx
 11181 | D        | Noticed a sphinx
 11182 | D        | Noticed a mummy priest
 11183 | D        | Killed a sphinx
 11183 | D        | Reached skill level 10 in Armour
 11184 | D        | Killed a sphinx
 11184 | D        | Reached skill level 15 in Hexes
 11187 | D        | Killed a mummy priest
 11225 | D        | Noticed a mummy priest
 11227 | D        | Killed a mummy priest
 11266 | D        | Noticed a guardian mummy
 11269 | D        | Noticed a mummy priest
 11270 | D        | Killed a guardian mummy
 11362 | D        | Killed a mummy priest
 11589 | D        | Noticed a mummy priest
 11590 | D        | Noticed a guardian mummy
 11592 | D        | Killed a mummy priest
 11593 | D        | Killed a guardian mummy
 11753 | D        | Noticed a crystal guardian
 11753 | D        | Noticed a crystal guardian
 11753 | D        | Noticed a crystal guardian
 11753 | D        | Noticed a crystal guardian
 11756 | D        | Killed a crystal guardian
 11764 | D        | Killed a crystal guardian
 11764 | D        | Reached skill level 10 in Conjurations
 11764 | D        | Reached skill level 10 in Charms
 11767 | D        | Killed a crystal guardian
 11770 | D        | Killed a crystal guardian
 11887 | D        | Noticed a titan
 11887 | D        | Noticed a vault guard
 11887 | D        | Noticed a vault guard
 11888 | D        | Noticed a golden dragon
 11888 | D        | Noticed a vault guard
 11888 | D        | Noticed a vault guard
 11888 | D        | Noticed a stone giant
 11888 | D        | Noticed a vault guard
 11888 | D        | Noticed a vault guard
 11888 | D        | Noticed a skeletal warrior
 11888 | D        | Noticed a shadow dragon
 11888 | D        | Noticed a vault guard
 11888 | D        | Noticed a vault guard
 11888 | D        | Noticed a skeletal warrior
 11888 | D        | Noticed a fire giant
 11888 | D        | Noticed a vault guard
 11888 | D        | Noticed a vault guard
 11888 | D        | Noticed a quicksilver dragon
 11888 | D        | Noticed a vault guard
 11888 | D        | Noticed a vault guard
 11888 | D        | Noticed a sea snake
 11888 | D        | Noticed a golden dragon
 11888 | D        | Noticed a vault guard
 11888 | D        | Noticed a vault guard
 11888 | D        | Noticed a slime creature
 11888 | D        | Noticed a shadow dragon
 11888 | D        | Noticed a vault guard
 11888 | D        | Noticed a vault guard
 11889 | D        | a sea snake changed into a snapping turtle
 11889 | D        | Killed a vault guard
 11891 | D        | Killed a slime creature
 11892 | D        | Killed a vault guard
 11892 | D        | Killed a vault guard
 11893 | D        | Killed a vault guard
 11894 | D        | Noticed a centaur warrior
 11894 | D        | Killed a vault guard
 11895 | D        | Killed a vault guard
 11895 | D        | Killed a vault guard
 11897 | D        | Killed a vault guard
 11898 | D        | Killed a vault guard
 11898 | D        | Killed a vault guard
 11900 | D        | Killed a vault guard
 11939 | D        | Gained mutation: Potions and wands are less effective at restoring your health. [mutagenic glow]
 11944 | D        | Killed Nessos
 11982 | D        | Killed a vault guard
 12176 | D        | Killed a vault guard
 12176 | D        | Reached skill level 25 in Stealth
 12310 | D        | Killed a shadow dragon
 12313 | D        | Killed a fire giant
 12423 | D        | Killed a golden dragon
 12428 | D        | Killed a shadow dragon
 12581 | D        | Killed a titan
 12674 | D        | Killed a quicksilver dragon
 12740 | D        | Killed a centaur warrior
 12746 | D        | Killed a golden dragon
 12746 | D        | Reached XP level 16. HP: 41/88 MP: 10/42
 12849 | D        | Killed a skeletal warrior
 12851 | D        | Got a brightly glowing turquoise ring
 12858 | D        | Got a bloodstained broad axe {pain}
 12863 | D        | Identified the ring of Xiegajeh {Fire *Contam rElec rPois Int+6} (You took it off a skeletal warrior in the Dungeon)
 13056 | D        | Killed a vault guard
 13081 | D        | Killed a stone giant
 13081 | D        | Reached skill level 26 in Stealth
 13148 | D        | Killed a vault guard
 13152 | D        | Got a bound jade amulet
 13206 | D        | Killed a skeletal warrior
 13213 | D        | Got a brightly glowing rapier {elec}
 13216 | D        | Identified the cursed +1 rapier of Extremism {elec, *Contam Str+3 SInv} (You found it in the Dungeon)
 13294 | D        | Killed a vault guard
 13417 | D        | Identified the Papyrus of Earthen Shape Shifting
 13420 | D        | Got a silver rune of Zot
 13431 | D        | Identified the amulet "Cagacreff" {Stasis *Contam rN++} (You took it off a vault guard in the Dungeon)
 13565 | D        | Learned a level 6 spell: Iron Shot
 13571 | D        | Learned a level 3 spell: Passwall
 13576 | D        | Learned a level 4 spell: Passage of Golubria
 13582 | D        | Learned a level 5 spell: Lee's Rapid Deconstruction
 13813 | D        | Noticed a yaktaur
 13813 | D        | Noticed a yaktaur
 13813 | D        | Noticed a yaktaur
 13816 | D        | Killed a yaktaur
 13818 | D        | Noticed a yaktaur
 13821 | D        | Killed a yaktaur
 13831 | D        | Killed a yaktaur
 13838 | D        | Killed a yaktaur
 13838 | D        | Reached skill level 1 in Transmutations
 13966 | D        | Noticed Azrael
 13968 | D        | Killed Azrael
 14025 | D        | Got a brightly glowing hat
 14036 | D        | Identified the +2 hat of the Gloaming {rElec rF- rC+ Dex-5} (You acquired it in the Dungeon)
 14497 | D        | Noticed a guardian mummy
 14498 | D        | Noticed a guardian mummy
 14498 | D        | Noticed a guardian mummy
 14498 | D        | Noticed a mummy priest
 14498 | D        | Noticed a guardian mummy
 14498 | D        | Noticed a guardian mummy
 14498 | D        | Noticed a mummy priest
 14498 | D        | Noticed a greater mummy
 14498 | D        | Noticed a guardian mummy
 14498 | D        | Noticed a guardian mummy
 14498 | D        | Noticed a mummy priest
 14498 | D        | Noticed a greater mummy
 14498 | D        | Noticed a guardian mummy
 14498 | D        | Noticed a guardian mummy
 14498 | D        | Noticed a mummy priest
 14499 | D        | Killed a guardian mummy
 14507 | D        | Killed a guardian mummy
 14507 | D        | Reached skill level 1 in Earth Magic
 14511 | D        | Killed a mummy priest
 14516 | D        | Killed a guardian mummy
 14523 | D        | Killed a guardian mummy
 14528 | D        | Killed a guardian mummy
 14542 | D        | Killed a mummy priest
 14858 | D        | Killed a mummy priest
 14873 | D        | Killed a guardian mummy
 14885 | D        | Killed a greater mummy
 14897 | D        | Killed a guardian mummy
 14899 | D        | Killed a guardian mummy
 15295 | D        | Killed a greater mummy
 15307 | D        | Killed a mummy priest
 15347 | D        | Killed a guardian mummy
 15625 | D        | Got a golden rune of Zot
 15627 | D        | Got a wavering lapis lazuli ring
 15629 | D        | Identified the ring "Hixueg" {Int+5 Stlth+} (You found it in the Dungeon)
 15633 | D        | Got a twisted dagger
 15634 | D        | Identified the +8 dagger "Qaffe" {holy, rF+ MR++} (You found it in the Dungeon)
 15712 | D        | Lost strength.
 15712 | D        | Gained mutation: You are very weak. (Str -4) [mutagenic glow]
 15837 | D        | Lost mutation: You are very weak. (Str -4) [potion of cure mutation]
 15837 | D        | Lost mutation: You are resistant to hostile enchantments. [potion of cure mutation]
 15837 | D        | Lost mutation: You are partially covered in rough black scales (AC +4, Dex -1). [potion of cure mutation]
 15837 | D        | Lost mutation: You occasionally shout uncontrollably at your foes. [potion of cure mutation]
 15837 | D        | Lost mutation: You have large cloven feet. [potion of cure mutation]
 15911 | D        | Got a twisted storm dragon armour
 15922 | D        | Identified the +1 storm dragon armour of Decompression {rElec rN+} (You acquired it in the Dungeon)
 16102 | D        | Noticed a fire elementalist statue
 16102 | D        | Noticed a water elementalist statue
 16102 | D        | Noticed an earth elementalist statue
 16102 | D        | Noticed an air elementalist statue
 16105 | D        | Killed a water elementalist statue
 16108 | D        | Killed a fire elementalist statue
 16249 | D        | Killed an earth elementalist statue
 16253 | D        | Killed an air elementalist statue
 16253 | D        | Reached skill level 5 in Transmutations
 16383 | D        | Noticed a six-headed hydra simulacrum
 16396 | D        | Killed a six-headed hydra simulacrum
 16534 | D        | Noticed a five-headed hydra simulacrum
 16536 | D        | Killed a five-headed hydra simulacrum
 16706 | D        | Found Pynt's Food Emporium.
 16706 | D        | Found Wiucex's Armour Shop.
 16706 | D        | Found Wotin's Distillery.
 16706 | D        | Found Upema's Armour Shoppe.
 16706 | D        | Noticed an oklob plant
 16707 | D        | Noticed an oklob plant
 16708 | D        | Killed an oklob plant
 16708 | D        | Reached skill level 27 in Stealth
 16709 | D        | Killed an oklob plant
 16709 | D        | Reached skill level 1 in Shields
 16711 | D        | Bought a potion of curing for 33 gold pieces
 16711 | D        | Bought a potion of curing for 33 gold pieces
 16711 | D        | Bought a potion of curing for 33 gold pieces
 16711 | D        | Bought a potion of heal wounds for 55 gold pieces
 16711 | D        | Bought a potion of magic for 88 gold pieces
 16722 | D        | Found Zigeh's Food Boutique.
 16722 | D        | Noticed an iron troll simulacrum
 16727 | D        | Killed an iron troll simulacrum
 16819 | D        | Noticed a wasp
 16820 | D        | Noticed a wasp
 16827 | D        | Noticed a wasp
 16832 | D        | Killed a wasp
 16834 | D        | Killed a wasp
 16844 | D        | Killed a wasp
 16900 | D        | Noticed a mummy priest
 16901 | D        | Noticed a shadow wraith
 16901 | D        | Noticed a skeletal warrior
 16901 | D        | Noticed a skeletal warrior
 16908 | D        | Killed a skeletal warrior
 16909 | D        | Killed a skeletal warrior
 16913 | D        | Killed a shadow wraith
 16917 | D        | Killed a mummy priest
 17095 | D        | Noticed a slime creature
 17097 | D        | Killed a slime creature
 17098 | D        | Noticed a slime creature
 17099 | D        | Noticed a slime creature
 17100 | D        | Killed a large slime creature
 17101 | D        | Noticed a slime creature
 17101 | D        | Noticed a slime creature
 17103 | D        | Killed a slime creature
 17105 | D        | Killed a slime creature
 17141 | D        | Noticed a molten gargoyle
 17142 | D        | Noticed a vampire knight
 17142 | D        | Noticed Mara
 17142 | D        | Noticed a vampire knight
 17143 | D        | Killed a molten gargoyle
 17153 | D        | Killed Mara
 17157 | D        | Killed a vampire knight
 17175 | D        | Killed a vampire knight
 17533 | D        | Noticed an ancient champion
 17534 | D        | Killed an ancient champion
 17612 | D        | Noticed an anaconda zombie
 17612 | D        | Noticed a stone giant skeleton
 17612 | D        | Noticed Boris
 17612 | D        | Noticed a five-headed hydra simulacrum
 17612 | D        | Noticed a stone giant skeleton
 17613 | D        | Noticed a titan zombie
 17614 | D        | Killed a stone giant skeleton
 17616 | D        | Killed Boris
 17616 | D        | Reached skill level 5 in Earth Magic
 17617 | D        | Killed a titan zombie
 17618 | D        | Killed a five-headed hydra simulacrum
 17619 | D        | Killed a stone giant skeleton
 17620 | D        | Killed an anaconda zombie
 17797 | D        | Noticed Roxanne
 17803 | D        | Killed Roxanne
 17803 | D        | Reached skill level 5 in Shields
 17945 | D        | Noticed Mennas
 17946 | D        | Noticed a pristine statue
 17946 | D        | Noticed a pristine statue
 17946 | D        | Noticed a pristine statue
 17946 | D        | Noticed a pristine statue
 18153 | D        | HP: 2/90 [Mennas/scimitar of holy wrath (27)]
 18157 | D        | Slain by Mennas

Action                   |  1- 3 |  4- 6 |  7- 9 | 10-12 | 13-15 | 16-18 || total
-------------------------+-------+-------+-------+-------+-------+-------++-------
Melee: Short sword       |    15 |     4 |       |       |       |       ||    19
       Dagger            |     3 |     1 |    29 |   188 |   599 |   148 ||   968
       Rapier            |       |       |       |       |       |    46 ||    46
Throw: Throwing net      |       |       |       |       |    12 |     9 ||    21
 Cast: Corona            |     2 |       |       |       |       |       ||     2
       Dazzling Spray    |     2 |     9 |     1 |    39 |   298 |    55 ||   404
       Ensorcelled Hiber |     1 |     2 |    10 |    50 |    22 |    17 ||   102
       Tukima's Dance    |       |       |     4 |     9 |    10 |    12 ||    35
       Confuse           |       |       |     1 |     8 |     5 |     4 ||    18
       Gell's Gravitas   |       |       |     8 |     8 |    10 |       ||    26
       Ozocubu's Armour  |       |       |       |       |     7 |     5 ||    12
       Phase Shift       |       |       |       |       |     7 |     5 ||    12
       Discord           |       |       |       |       |     1 |       ||     1
       Lee's Rapid Decon |       |       |       |       |       |    28 ||    28
       Iron Shot         |       |       |       |       |       |    12 ||    12
       Passage of Golubr |       |       |       |       |       |     2 ||     2
Invok: Shadow Step       |       |       |       |    14 |     8 |     4 ||    26
 Abil: Evoke Flight      |       |       |       |       |       |     7 ||     7
Evoke: Wand              |       |       |       |       |       |     2 ||     2
  Use: Potion            |     3 |       |       |     1 |     8 |     8 ||    20
       Scroll            |       |       |       |       |    12 |    17 ||    29
 Stab: Sleeping          |     5 |     4 |     9 |    50 |    44 |    22 ||   134
       Invisible         |     1 |     1 |       |     5 |    17 |     4 ||    28
       Held in net/web   |       |       |     1 |       |     8 |    12 ||    21
       Confused          |       |       |       |     1 |     1 |     1 ||     3
       Distracted        |       |       |       |       |     2 |     2 ||     4
  Eat: Bread ration      |       |       |       |     1 |       |       ||     1
       Fruit             |       |       |       |       |     8 |     1 ||     9
       Royal jelly       |       |       |       |       |       |     3 ||     3
